 Dungeon Crawl Stone Soup version 0.27.1-34-g3ba077fa99 (console) character file.

Game seed: 3906747615882562624

42 Banquo the Skirmisher (level 3, 0/30 HPs)
             Began as a Djinni Chaos Knight on Jan 3, 2022.
             Was a Plaything of Xom.
             Slain by an anaconda (glowing shapeshifter) (9 damage)
             ... on level 2 of the Dungeon.
             The game lasted 00:03:01 (1076 turns).

Banquo the Skirmisher (Djinni Chaos Knight)         Turns: 1076, Time: 00:03:01

Health: 0/30       AC:  5    Str: 11    XL:     3   Next: 80%
Gold:   87         EV:  8    Int: 14    God:    Xom [...*..] SH:  0 Dex: 12

rFire    + + .     SeeInvis .   a - +0 hand axe (chaos)
rCold    x . .     Faith    .   (no shield)
rNeg     . . .     Spirit   .   b - +2 leather armour
rPois    ∞         Reflect  .   (no helmet)
rElec    .         Harm     .   (no cloak)
rCorr    .         Rampage  .   (no gloves)
Will     .....                  (boots unavailable)
Stlth    +.........             (no amulet)
HPRegen  0.10/turn              (no ring)
MPRegen  0.00/turn              (no ring)

@: flying, constricted
A: sickness immunity, fire resistance 2, cold vulnerability 1, float, innate
caster, hp casting, extra vitality 1
a: Renounce Religion


You were on level 2 of the Dungeon.
You worshipped Xom.
You were a favourite toy of Xom.
You visited 1 branch of the dungeon, and saw 2 of its levels.

You collected 87 gold pieces.

Inventory:

Hand Weapons
 a - a +0 hand axe of chaos (weapon)
 k - a +1 rapier
Missiles
 c - 45 stones (quivered)
 f - 6 poisoned darts
Armour
 b - a +2 leather armour (worn)
Scrolls
 g - a scroll of teleportation {unknown}
 i - a scroll of enchant armour {unknown}
Potions
 e - a potion of magic {unknown}
 h - a potion of might {unknown}
 j - a potion of curing {unknown}


   Skills:
 * Level 3.5 Fighting
 - Level 2.9 Axes
 * Level 1.7 Armour
 - Level 2.1 Dodging
 * Level 0.2 Spellcasting


You had one spell level left.
You knew the following spells:

 Your Spells              Type           Power      Damage    Failure   Level
a - Shock                 Conj/Air       0%         1d3       34%         1
Your spell library was empty.

Dungeon Overview and Level Annotations

Branches:
Dungeon (2/15)

Altars:


Innate Abilities, Weirdness & Mutations

You are immune to sickness and miasma.
You are immune to poison.
Your flesh is very heat resistant. (rF++)
You are vulnerable to cold. (rC-)
You float through the air rather than walking.
You learn spells naturally, not from books.
Your magical power is your life essence.
You have superior vitality. (+4 HP)


Message History

Press: ? - help, Shift-Dir - straight line, f - worm
Aim: a worm (wandering, hasn't noticed you, 88% to hit)
The zap hits the worm.
The worm is lightly wounded.
Casting: Shock (safe; 34% risk of failure)
Confirm with . or Enter, or press ? or * to list all spells.
Aiming: Shock (safe; 34% risk of failure)
Press: ? - help, Shift-Dir - straight line, f/p - worm
Aim: a worm (lightly wounded, 88% to hit)
The zap hits the worm.
The worm is moderately wounded.
Casting: Shock (safe; 34% risk of failure)
Confirm with . or Enter, or press ? or * to list all spells.
Aiming: Shock (safe; 34% risk of failure)
Press: ? - help, Shift-Dir - straight line, f/p - worm
Aim: a worm (moderately wounded, 88% to hit)
The zap hits the worm.
The worm is moderately wounded.
Xom's power touches on a nearby monster.
The worm changes into a glowing shapeshifter!
The glowing shapeshifter changes into an anaconda!
Casting: Shock (safe; 34% risk of failure)
Confirm with . or Enter, or press ? or * to list all spells.
Aiming: Shock (safe; 34% risk of failure)
Press: ? - help, Shift-Dir - straight line, f/p - anaconda
Aim: an anaconda shaped shifter (40% to hit)
The zap hits the anaconda.
The anaconda is lightly wounded.
You see here a +0 dagger.
There is a stone staircase leading up here.
The anaconda grabs you.
You stop ascending the stairs.
The anaconda barely misses you. The anaconda constricts you.
The anaconda bites you! The anaconda constricts you.
* * * LOW HITPOINT WARNING * * *
Unknown command.
As you read the scroll labelled BYEBLUHI CULLA, it crumbles to dust.
It is a scroll of enchant weapon.
Your +0 rapier glows red for a moment.
The anaconda bites you!
You die...
Xom giggles madly!

#.###.# #..g..g..
#.#...## #..######
#......####..# #
##.........g..#
#.........##.##
#.............(
#.........##.#...
##.).÷...###.#####
##@S....# #.#
##.#.#.# #..
......... ..
#.##.##### #$ .# #
.# .# ..


You could see an anaconda shaped shifter.

Vanquished Creatures
  An adder (D:1)
  A dart slug (D:2)
  2 bats (D:1)
  3 endoplasms
  A giant cockroach (D:1)
  A goblin (D:2)
  4 hobgoblins
  4 jackals (D:1)
  2 kobolds
  3 quokkas
  2 ball pythons (D:1)
  A frilled lizard (D:2)
  2 rats (D:1)
27 creatures vanquished.

Notes
Turn   | Place    | Note
-------+----------+-------------------------------------------
     0 | D:1      | Banquo the Djinni Chaos Knight began the quest for the Orb.
     0 | D:1      | Reached XP level 1. HP: 20/20 MP: 0/0
   168 | D:1      | Reached XP level 2. HP: 19/25 MP: 0/0
   181 | D:1      | XOM: smoke on damage
   441 | D:1      | Reached XP level 3. HP: 30/30 MP: 0/0
   441 | D:1      | Learned a level 1 spell: Shock
   648 | D:1      | Found a faded altar of an unknown god.
   785 | D:2      | XOM: 1-stop teleportation journey
   826 | D:2      | XOM: enchant monster (bad)
   992 | D:2      | XOM: enchant monster (good)
  1071 | D:2      | Noticed a glowing shapeshifter
  1071 | D:2      | a worm changed into a glowing shapeshifter
  1071 | D:2      | XOM: polymorph worm -> glowing shapeshifter
  1071 | D:2      | Noticed an anaconda
  1071 | D:2      | a glowing shapeshifter changed into an anaconda
  1076 | D:2      | Slain by an anaconda (glowing shapeshifter)

Illustrated notes

Levels and vault maps discovered:
D:1:      scummos_arrival_simple_crosswalls, layout_rooms,
          hellmonk_ecumenical_altar_inner_sanctum, lemuel_another_geyser
D:2:      minmay_evil_eye, layout_loops_ring

Action                   || total
-------------------------++-------
Melee: Hand axe          ||    81
 Cast: Shock             ||    11
  Use: Scroll            ||     1
Armor: Leather armour    ||    41
Dodge: Dodged            ||    61
